Map: Cyber Forest LE

Players

HawK

  • Race: Terran Terran
  • League: Platinum
  • Spawn Location: 5:00

Parkkatz - Winner!

  • Race: Zerg Zerg
  • League: Platinum
  • Spawn Location: 11:00

VOD

Have the link to the VOD?

Description

Time

  • Played on: July 3, 2019, 1:17 p.m.
  • Length: 9:21
Show
View Real Time Build Order
Export as new Build Order

HawK Terran 

Build Orders:  

Get SALT Encoding   

  12  0:01  SCV  
  13  0:13  SCV  
  14  0:17  Supply Depot  
  14  0:25  SCV  
  15  0:39  SCV  
  15  0:42  Refinery  
  16  0:45  Barracks  
  16  0:52  SCV  
  16  0:55  Refinery  
  17  1:04  SCV  
  18  1:27  SCV  
  18  1:32  Supply Depot  
  19  1:33  Reaper  
  19  1:39  Orbital Command  
  20  1:49  Supply Depot  
  20  2:05  Barracks Tech Lab  
  20  2:17  SCV  
  21  2:29  SCV  
  22  2:45  Marine, SCV  
  24  2:58  Combat Shield  
  24  3:01  Barracks  
  24  3:02  Factory  
  24  3:03  Marine  
  25  3:06  Command Center  
  24  3:27  Marine  
  24  3:32  SCV  
  26  3:38  Command Center  
  26  3:43  Supply Depot  
  26  3:50  Barracks Reactor  
  26  3:51  Factory Reactor  
  26  4:04  SCV  
  26  4:05  Marine  
  26  4:09  Engineering Bay  
  28  4:16  SCV  
  29  4:20  Orbital Command  
  29  4:35  Hellion x2  
  29  4:36  Marine x3  
  36  4:40  Supply Depot  
  36  4:44  Supply Depot  
  36  4:48  SCV x2  
  38  4:55  SCV  
  39  5:00  SCV  
  40  5:07  Starport  
  40  5:10  Hellion  
  40  5:12  SCV  
  44  5:14  SCV  
  44  5:16  SCV  
  44  5:20  Hellion  
  47  5:34  Hellion  
  49  5:36  Marine  
  49  5:37  Marine x2  
  49  5:42  Hellion  
  54  5:44  Terran Infantry Weapons Level 1  
  54  5:48  Starport Tech Lab  
  54  5:52  Supply Depot  
  54  5:54  Marine x2  
  54  5:55  Marine  
  57  5:58  SCV x3  
  57  6:04  Hellion x2  
  64  6:16  Bunker x2  
  44  6:41  Marine x2  
  44  6:42  Marine  
  44  6:43  Widow Mine x2  
  44  6:44  Raven  
  53  6:49  Supply Depot x2  
  44  7:10  Marine  
  44  7:11  Marine x2  
  33  7:18  Bunker  
  33  7:19  Bunker  
  33  7:21  Bunker  
  28  7:27  Banshee  
  28  7:28  Marine  
  30  7:46  Marine x3  
  30  7:48  Hellion  
  30  7:49  Cloaking Field  
  35  8:10  Barracks  
  35  8:11  Barracks  
  35  8:18  Barracks  
Show
View Real Time Build Order
Export as new Build Order

Parkkatz Zerg - Winner!

Build Orders: Hatch First 

Get SALT Encoding   

  12  0:01  Drone  
  13  0:13  Overlord  
  13  0:18  Drone  
  14  0:36  Overlord  
  14  0:37  Drone x2  
  16  0:49  Drone  
  17  1:05  Drone  
  17  1:10  Hatchery  
  17  1:14  Drone  
  18  1:22  Spawning Pool  
  17  1:28  Drone, Extractor  
  17  1:36  Drone  
  18  1:42  Drone  
  19  2:08  Queen  
  19  2:10  Zergling x2  
  19  2:11  Zergling x2  
  19  2:14  Zergling x2  
  24  2:22  Queen  
  26  2:23  Zergling x2  
  26  2:25  Drone  
  28  2:36  Metabolic Boost  
  28  2:44  Drone x2  
  28  2:45  Drone  
  31  3:00  Drone x3  
  34  3:16  Overlord  
  34  3:21  Drone x2  
  35  3:33  Queen  
  37  3:35  Drone x2  
  37  3:36  Drone, Zergling x2  
  37  3:37  Zergling x4  
  43  3:55  Extractor  
  42  3:56  Extractor  
  42  3:59  Queen  
  42  4:02  Drone  
  44  4:04  Overlord x2  
  44  4:15  Roach Warren  
  43  4:17  Evolution Chamber  
  43  4:18  Drone x2  
  43  4:22  Drone  
  43  4:23  Drone  
  46  4:25  Drone  
  46  4:26  Drone x2  
  49  4:33  Drone x2  
  49  4:34  Overlord  
  51  4:46  Zerg Missile Weapons Level 1  
  51  4:48  Lair  
  51  4:56  Drone  
  51  4:57  Drone x2, Overlord x2  
  51  4:59  Drone  
  55  5:07  Drone x3, Baneling Nest  
  55  5:08  Overlord  
  55  5:13  Roach  
  55  5:14  Roach  
  61  5:19  Zergling x8  
  61  5:20  Zergling x2  
  66  5:25  Hatchery  
  65  5:35  Roach x5  
  75  5:53  Roach x2  
  75  5:54  Roach x3  
  85  5:58  Glial Reconstitution  
  85  6:03  Baneling  
  85  6:04  Baneling x3  
  85  6:09  Roach x3  
  91  6:13  Overlord x2  
  91  6:16  Spore Crawler  
  90  6:19  Spore Crawler  
  81  6:36  Drone x6  
  84  6:43  Overlord x2  
  84  6:45  Queen  
  86  6:48  Drone x4  
  91  7:01  Drone x4  
  91  7:03  Spore Crawler  
  91  7:05  Drone x2  
  93  7:10  Queen  
  93  7:11  Hatchery  
  84  7:37  Extractor  
  84  7:38  Drone x3, Extractor  
  84  7:39  Drone x3  
  84  7:40  Drone x3  
  84  7:41  Roach  
  84  7:42  Roach x7  
  99  7:52  Zergling x2  
  99  7:53  Zergling x8  
  104  8:09  Evolution Chamber  
  104  8:10  Evolution Chamber  
  104  8:12  Extractor  
  101  8:18  Roach x3, Zergling x10  
  101  8:19  Baneling x3  
  104  8:20  Baneling x2  
  104  8:25  Roach x4  
  104  8:26  Roach x6  
  124  8:31  Ravager x2  
  124  8:32  Ravager  
  113  8:56  Hydralisk Den  
  106  9:08  Drone  
Tags
 
Add a new tag
Caveats
  • Supply blocks, unpowered buildings, or Contaminate may cause inaccurate times.
  • Supply counts are checked every 10 seconds.